 Dungeon Crawl Stone Soup version 0.22.1-2-g9c5b331 (webtiles) character file.

49 whitewolfNL the Cudgeler (level 3, -2/33 HPs)
             Began as a Minotaur Berserker on Nov 21, 2018.
             Was a Believer of Trog.
             Slain by a gnoll (5 damage)
             ... on level 2 of the Dungeon.
             The game lasted 00:05:37 (1238 turns).

whitewolfNL the Cudgeler (Minotaur Berserker)       Turns: 1238, Time: 00:05:38

Health: -2/33      AC:  4    Str: 21    XL:     3   Next: 53%
Magic:  2/2        EV: 12    Int:  5    God:    Trog [**....]
Gold:   31         SH:  0    Dex:  9    Spells: 2/2 levels left

rFire    . . .     SeeInvis .   l - -1 mace (curse)
rCold    . . .     Gourm    .   (no shield)
rNeg     . . .     Faith    .   q - +0 leather armour
rPois    .         Spirit   .   e - +1 hat
rElec    .         Reflect  .   (no cloak)
rCorr    .         Harm     .   (no gloves)
MR       .....                  (no boots)
Stlth    +.........             (no amulet)
HPRegen  0.11/turn              (no ring)
MPRegen  0.08/turn              (no ring)

@: very slow
A: retaliatory headbutt, horns 2
a: Berserk, Trog's Hand, Renounce Religion


You were on level 2 of the Dungeon.
You worshipped Trog.
Trog was pleased with you.
You were not hungry.

You visited 1 branch of the dungeon, and saw 2 of its levels.

You collected 31 gold pieces.

Inventory:

Hand Weapons
 a - a +0 mace
 j - a +0 hunting sling
 k - a +2 short sword of electrocution
 l - a cursed -1 mace (weapon)
Missiles
 d - 97 stones (quivered)
 m - 16 arrows
 n - 44 sling bullets
Armour
 e - a +1 hat (worn)
 q - a +0 leather armour (worn)
Scrolls
 h - a scroll of teleportation {unknown}
 i - a scroll of remove curse {unknown}
 o - a scroll of identify {unknown}
Potions
 b - 2 potions of magic {unknown}
 f - 4 potions of agility {unknown}
 p - a potion of lignification {unknown}
Comestibles
 c - a ration
 g - 2 chunks of flesh


   Skills:
 + Level 4.2 Fighting
 * Level 4.5 Maces & Flails
 + Level 2.4 Armour
 * Level 2.7 Dodging
 * Level 0.6 Stealth


You had 2 spell levels left.
You didn't know any spells.
Your spell library was empty.

Dungeon Overview and Level Annotations

Branches:
Dungeon (2/15)

Altars:
Okawaru
Uskayaw


Innate Abilities, Weirdness & Mutations

You reflexively headbutt those who attack you in melee.
You have a pair of horns on your head.


Message History

Trog accepts your kill. The gnoll hits you.
* * * LOW HITPOINT WARNING * * *
The gnoll closely misses you.
The gnoll splashes around in the water.
Things that are here:
3 stones; a gnoll corpse You enter the shallow water.
Moving in this stuff is going to be slow.
The gnoll hits you.
* * * LOW HITPOINT WARNING * * *
Your unstable footing causes you to fumble your attack.
The gnoll hits you but does no damage.
You hit the gnoll.
The gnoll is lightly wounded.
The gnoll splashes around in the water.
You hit the gnoll.
The gnoll is moderately wounded.
The gnoll hits you.
You die...

#......# #.#.##.# ###
#.###.#.##.# ###_##
#........# # .≈.≈##
#..#####.# ##≈.≈. #
#....# # #.≈.≈##
#..##.##.#.# ##≈.≈.#
#.....^....# #.≈.@##
#..###.###.# ##≈(g.#
.#..# #.# .#
##(#####...###'###.#
#(##.#.##...'_###..
##.(.......###'###..
#(((.......# #.# #
#(####.###.###.###..
##(###...##.........#
#)().......##....##..


You could see a gnoll.

Vanquished Creatures
  A gnoll (D:2)
  An ooze (D:2)
  2 dart slugs (D:1)
  An orc (D:2)
  A ball python (D:1)
  A giant cockroach (D:1)
  2 goblins (D:1)
  3 hobgoblins
  2 jackals (D:2)
  6 kobolds
  2 frilled lizards
  7 rats
29 creatures vanquished.

Vanquished Creatures (others)
  A kobold (D:2)
1 creature vanquished.

Grand Total: 30 creatures vanquished

Notes
Turn   | Place    | Note
-------+----------+-------------------------------------------
     0 | D:1      | whitewolfNL the Minotaur Berserker began the quest for the
                  | Orb.
     0 | D:1      | Reached XP level 1. HP: 19/19 MP: 0/0
   193 | D:1      | Reached XP level 2. HP: 19/27 MP: 1/1
  1162 | D:2      | Found a hide-covered altar of Uskayaw.
  1174 | D:2      | Reached XP level 3. HP: 33/33 MP: 2/2
  1226 | D:2      | Reached ** piety under Trog
  1231 | D:2      | Found an iron altar of Okawaru.
  1238 | D:2      | Slain by a gnoll

Skill      XL: |  1  2  3 |
---------------+----------+-----
Maces & Flails | 4 |  4.5
Fighting       | 4 |  4.2
Armour         | |  2.4
Dodging        | |  2.7
Stealth        | |  0.6

Action                   || total
-------------------------++-------
Melee: Mace              ||    66
       Headbutt          ||    10
Invok: Berserk           ||     1
  Eat: Chunk             ||     2
Armor: Animal skin       ||    10
       Leather armour    ||     7
Dodge: Dodged            ||    46
